 Dungeon Crawl Stone Soup version 0.26-a0-540-g8a0c9464d7 (webtiles) character file.

Game seed: 12461611822289843582

63034 HoaS the Fighter (level 15, -3/127 HPs)
             Began as a Formicid Fighter on Aug 25, 2020.
             Was the Champion of Makhleb.
             Succumbed to poison (poison gas)
             ... on level 6 of the Lair of Beasts.
             The game lasted 00:47:38 (18400 turns).

HoaS the Fighter (Formicid Fighter)                Turns: 18400, Time: 00:47:39

Health: -3/127     AC: 32    Str: 27    XL:     15   Next: 48%
Magic:  15/15      EV:  3    Int:  8    God:    Makhleb [******]
Gold:   1500       SH: 37    Dex: 10    Spells: 14/14 levels left

rFire    + . .     SeeInvis +   a - +1 quarterstaff (protect)
rCold    . . .     Faith    .   J - +18 shield of the Gong {rElec rN+ MR+ EV-5}
rNeg     + . .     Spirit   .   f - +0 plate armour
rPois    .         Reflect  +   (helmet unavailable)
rElec    +         Harm     .   g - +1 cloak
rCorr    .                      I - +2 pair of gloves
MR       ++...                  F - +1 pair of boots
Stlth    ..........             d - amulet of reflection
HPRegen  0.31/turn              M - ring of protection from fire
MPRegen  0.14/turn              v - +4 ring of slaying

@: lethally poisoned (-3 -> -116), protection aura, studying Shields
A: permanent stasis, dig shafts and tunnels, four strong arms, antennae 3
a: Dig, Shaft Self, Minor Destruction, Lesser Servant of Makhleb, Major
Destruction, Greater Servant of Makhleb, Renounce Religion


You were on level 6 of the Lair of Beasts.
You worshipped Makhleb.
Makhleb was exalted by your worship.
You visited 3 branches of the dungeon, and saw 18 of its levels.
You also visited: Sewer.

You collected 1500 gold pieces.

Inventory:

Hand Weapons
 a - a +1 quarterstaff of protection (weapon)
Armour
 f - a +0 plate armour (worn)
 g - a +1 cloak (worn)
 F - a +1 pair of boots (worn)
 I - a +2 pair of gloves (worn)
 J - the +18 shield of the Gong (worn) {rElec rN+ MR+ EV-5}
   (You took it off a deep elf mage on level 11 of the Dungeon)

   It affects your evasion (-5).
   It insulates you from electricity.
   It protects you from negative energy.
   It affects your resistance to hostile enchantments.
Jewellery
 d - an amulet of reflection (around neck)
 e - an uncursed ring of protection from cold
 n - an uncursed ring of ice
 p - an uncursed ring of protection from magic
 v - a +4 ring of slaying (right hand)
 x - an uncursed ring of flight
 y - an uncursed ring of resist corrosion
 K - an uncursed ring of fire
 M - a ring of protection from fire (left hand)
 P - an uncursed ring of protection from magic
 R - an uncursed ring of poison resistance
Wands
 l - a wand of digging (15)
 o - a wand of iceblast (19)
 w - a wand of polymorph (24)
 A - a wand of acid (48)
 B - a wand of paralysis (8)
 C - a wand of disintegration (12)
 E - a wand of flame (32)
 N - a wand of enslavement (14)
Scrolls
 c - 7 scrolls of remove curse
 k - 2 scrolls of summoning
 r - 4 scrolls of magic mapping
 z - 3 scrolls of enchant weapon
 G - 2 scrolls of holy word
 O - 2 scrolls of identify
 S - a scroll of fear
Potions
 b - 3 potions of flight
 h - 9 potions of curing
 i - 3 potions of mutation
 j - 3 potions of resistance
 m - 2 potions of invisibility
 s - 2 potions of brilliance {unknown}
 t - 6 potions of heal wounds
 u - 2 potions of ambrosia {unknown}
 H - 2 potions of cancellation {unknown}
 L - 2 potions of might
 Q - a potion of lignification {unknown}
Books
 D - a manual of Shields


   Skills:
 + Level 14.7 Fighting
 + Level 14.6 Staves
 + Level 14.7 Armour
 * Level 14.2 Shields


You had 14 spell levels left.
You didn't know any spells.
Your spell library contained the following spells:

 Spells                   Type           Power        Failure   Level
 Animate Skeleton         Necr           #.....       96%         1
 Apportation              Tloc           #.....       96%         1
 Beastly Appendage        Tmut           #.....       96%         1
 Corona                   Hex            #......      96%         1
 Foxfire                  Conj/Fire      #...         96%         1
 Pain                     Necr           #...         96%         1
 Summon Small Mammal      Summ           #...         96%         1
 Corpse Rot               Necr/Air       N/A          99%         2
 Sublimation of Blood     Necr           #.........   99%         2
 Wereblood                Tmut           #.......     99%         2
 Confusing Touch          Hex            #.......     100%        3
 Conjure Flame            Conj/Fire      #.......     100%        3
 Gell's Gravitas          Tloc           #.........   100%        3
 Inner Flame              Hex/Fire       #.......     100%        3
 Spider Form              Tmut/Pois      #.........   100%        3
 Vampiric Draining        Necr           #.........   100%        3
 Animate Dead             Necr           #.........   100%        4
 Dispel Undead            Necr           #.......     100%        4
 Ice Form                 Ice/Tmut       #.......     100%        4
 Petrify                  Tmut/Erth      #.......     100%        4
 Sticky Flame             Conj/Fire      #.......     100%        4
 Agony                    Necr           #.......     100%        5
 Blade Hands              Tmut           #.........   100%        5
 Excruciating Wounds      Necr           #.........   100%        5
 Fireball                 Conj/Fire      #.........   100%        5
 Metabolic Englaciation   Hex/Ice        #.........   100%        5
 Yara's Violent Unravell  Hex/Tmut       #.........   100%        5


Dungeon Overview and Level Annotations

Branches:
Dungeon (11/15)            Temple (1/1) D:4            Lair (6/6) D:8
  Swamp (0/4) Lair:3        Snake (0/4) Lair:4        Slime (0/5) Lair:5
    Orc (0/2) D:9           Sewer (visited)

Altars:
Dithmenos
Elyvilon
Fedhas
Gozag
Hepliaklqana
Kikubaaqudgha
Makhleb
Nemelex Xobeh
Ru
Sif Muna
Trog
Vehumet
Xom
Yredelemnul
Zin
The Shining One
Jiyva

Shops:
D:7 }

Annotations:
Lair:1 exclusion: 4 oklob plants


Innate Abilities, Weirdness & Mutations

You cannot be hasted, slowed, berserked, paralysed or teleported.
You can dig through walls and to a lower floor.
Your four strong arms can wield two-handed weapons with a shield.
You have a pair of large antennae on your head. (SInv)


Message History

PANG!
The swamp dragon tramples you but does no damage.
You hear an angry hiss.
You thump the swamp dragon!
The swamp dragon is almost dead.
You are engulfed in poison gas.
You are more poisoned.
You feel very sick.
You sock the swamp dragon!
You kill the swamp dragon!
Makhleb accepts your kill.
You feel better.
You are engulfed in poison gas.
You are more poisoned.
You feel very sick. Why would you want to do that?
* * * LOW HITPOINT WARNING * * *
You feel extremely sick.
* * * LOW HITPOINT WARNING * * *
You feel extremely sick.
* * * LOW HITPOINT WARNING * * *
You feel extremely sick.
You die...

.≈≈≈..♣♣
.{≈≈≈P.♣♣
≈≈≈≈°.♣ ♣≈≈$♣
♣≈♣ { ♣♣≈°†♣
.≈♣♣ ♣♣≈°≈.♣
.≈≈P♣ ♣♣.≈≈.♣♣
♣♣ ..≈..♣♣
♣♣†....♣ ♣.♣
..≈♣(♣♣♣≈≈P@♣♣♣
♣..♣♣
♣≈.≈≈≈...♣♣
.....
♣♣≈≈≈.≈...♣
♣..♣♣≈≈†P....♣♣
♣♣♣♣♣≈≈.♣..♣..♣♣
?≈♣)≈≈.♣♣...♣♣♣
..≈≈≈♣♣..P.♣♣
♣♣.≈♣.♣P♣♣♣♣
♣♣♣♣♣♣♣♣♣


There were no monsters in sight!

Vanquished Creatures
  A fire dragon (Lair:6)
  Harold (D:6)
  8 hydras
  A centaur warrior (D:11)
  A death knight (D:10)
  6 death yaks (Lair:4)
  Nergalle (Lair:2)
  An unseen horror (D:10)
  A swamp dragon (Lair:6)
  2 wolf spiders (Lair:6)
  2 deep elf magi
  A cyclops (D:11)
  2 ugly things (D:11)
  A guardian serpent (Lair:6)
  An ice statue (D:9)
  10 elephants (Lair:4)
  The ghost of Tenar the Shield-Bearer, a novice FoFi (D:6)
  6 black mambas
  24 cane toads
  A torpor snail (Lair:3)
  2 gargoyles (D:11)
  7 rime drakes
  9 komodo dragons
  2 polar bears
  2 trolls
  Grinder (D:5)
  2 tyrant leeches (Lair:3)
  2 hornets (Lair:6)
  23 blink frogs
  3 dream sheep (Lair:3)
  9 hippogriffs
  A meliai zombie (D:11)
  2 redbacks
  2 wraiths
  A shadow (D:11)
  3 basilisks
  10 wyverns
  32 yaks
  4 steam dragons
  A soldier ant (D:10)
  2 nagas (Lair:4)
  21 water moccasins
  6 sky beasts
  An ice beast (D:5)
  11 porcupines
  7 orc warriors
  6 ogres
  2 phantoms (D:6)
  5 black bears
  A necrophage (D:11)
  14 wolves
  2 centaurs (D:9)
  11 crocodiles
  Blork the orc (D:5)
  A big kobold (D:7)
  19 bullfrogs
  3 scorpions
  A water moccasin zombie (D:7)
  A water moccasin skeleton (D:4)
  4 wights
  A howler monkey (D:4)
  2 bullfrog zombies
  6 hounds
  6 jellies
  3 orc wizards
  14 orc priests
  3 centaur skeletons
  8 iguanas
  15 hell rats
  7 worker ants
  3 hound zombies
  A worker ant zombie (D:9)
  A howler monkey skeleton (D:10)
  9 adders
  14 river rats (Lair:1)
  7 shadow imps
  2 white imps
  2 worms
  3 dart slugs
  4 leopard geckos
  32 orcs
  8 bats
  6 giant cockroaches
  7 goblins
  11 hobgoblins
  13 jackals
  7 quokkas
  12 ball pythons
  7 frilled lizards
  9 kobolds
  20 rats
  A fungus (D:8)
553 creatures vanquished.

Vanquished Creatures (others)
  A basilisk (Lair:6)
  19 fungi
  41 plants
61 creatures vanquished.

Grand Total: 614 creatures vanquished

Notes
Turn   | Place    | Note
-------+----------+-------------------------------------------
     0 | D:1      | HoaS the Formicid Fighter began the quest for the Orb.
     0 | D:1      | Reached XP level 1. HP: 18/18 MP: 1/1
   112 | D:1      | Reached XP level 2. HP: 24/24 MP: 2/2
   890 | D:2      | Reached XP level 3. HP: 29/29 MP: 3/3
  1151 | D:2      | Found a white marble altar of Elyvilon.
  1254 | D:2      | Found a glowing silver altar of Zin.
  1487 | D:3      | Reached XP level 4. HP: 34/35 MP: 4/4
  1580 | D:3      | Found a transporter.
  1614 | D:3      | Found a transporter.
  2232 | D:4      | Reached XP level 5. HP: 29/41 MP: 5/5
  2333 | D:4      | Found a shimmering altar of Xom.
  2354 | D:4      | Reached skill level 5 in Shields
  2427 | D:4      | Found a staircase to the Ecumenical Temple.
  2453 | Temple   | Entered the Ecumenical Temple
  2459 | Temple   | Became a worshipper of Makhleb the Destroyer
  2478 | D:4      | Reached XP level 6. HP: 46/47 MP: 6/6
  2535 | D:4      | Reached skill level 5 in Staves
  2979 | D:4      | Reached XP level 7. HP: 52/52 MP: 7/7
  3010 | D:5      | Entered Level 5 of the Dungeon
  3024 | D:5      | Noticed Blork the orc
  3175 | D:5      | Killed Blork the orc
  3188 | D:5      | Found a glowing drain.
  3201 | Sewer    | Entered a sewer
  3671 | Sewer    | Reached * piety under Makhleb
  4112 | D:5      | Found a sacrificial altar of Ru.
  4145 | D:5      | Noticed Grinder
  4186 | D:5      | Killed Grinder
  4186 | D:5      | Reached XP level 8. HP: 58/58 MP: 8/8
  4418 | D:5      | Noticed a moth of wrath
  4421 | D:5      | Found a bloodstained altar of Trog.
  4472 | D:5      | Found a shadowy altar of Dithmenos.
  4472 | D:5      | Found an opulent altar of Gozag.
  4565 | D:5      | Found a glowing golden altar of the Shining One.
  5329 | D:6      | Reached XP level 9. HP: 63/64 MP: 9/9
  5776 | D:6      | Noticed Tenar's ghost (novice FoFi)
  5777 | D:6      | Found a transporter.
  6147 | D:6      | Found a bloodstained altar of Trog.
  6159 | D:6      | Reached ** piety under Makhleb
  6190 | D:6      | Found a hazy altar of Hepliaklqana.
  6408 | D:6      | Found a transporter.
  6578 | D:7      | Found Etol's Gadget Boutique.
  6602 | D:7      | Noticed Harold
  6621 | D:6      | Reached skill level 10 in Staves
  6668 | D:6      | Killed Harold
  6668 | D:6      | Reached XP level 10. HP: 58/70 MP: 10/10
  7825 | D:8      | Found a staircase to the Lair.
  8166 | D:8      | Noticed a deep elf mage
  8176 | D:8      | Killed a deep elf mage
  8176 | D:8      | Reached *** piety under Makhleb
  8410 | D:8      | Reached XP level 11. HP: 75/75 MP: 11/11
  8838 | D:9      | Found a staircase to the Orcish Mines.
  9393 | D:10     | Entered Level 10 of the Dungeon
  9470 | D:10     | Reached skill level 5 in Fighting
  9480 | D:10     | Reached skill level 5 in Armour
  9567 | D:10     | Reached **** piety under Makhleb
 10227 | D:6      | Killed Tenar's ghost
 10352 | Lair:1   | Entered Level 1 of the Lair of Beasts
 10419 | Lair:1   | Noticed a seven-headed hydra
 10615 | D:11     | Noticed a green ugly thing
 10635 | D:11     | Killed a green ugly thing
 10647 | D:11     | Noticed a death knight
 10647 | D:11     | Noticed a centaur warrior
 10647 | D:11     | Noticed an unseen horror
 10806 | D:10     | Killed an unseen horror
 10806 | D:10     | Reached XP level 12. HP: 87/92 MP: 12/12
 10826 | D:10     | Killed a death knight
 10859 | D:11     | Killed a centaur warrior
 10989 | D:11     | Found an ancient bone altar of Kikubaaqudgha.
 10991 | D:11     | Found a radiant altar of Vehumet.
 10991 | D:11     | Found a shimmering altar of Xom.
 10991 | D:11     | Found a shimmering blue altar of Sif Muna.
 11870 | Lair:1   | Killed a seven-headed hydra
 11912 | Lair:1   | Reached skill level 10 in Fighting
 11912 | Lair:1   | Reached skill level 10 in Armour
 11917 | Lair:1   | Found a glowing silver altar of Zin.
 12194 | Lair:1   | Noticed a six-headed hydra
 12206 | Lair:1   | Killed a six-headed hydra
 12206 | Lair:1   | Reached ***** piety under Makhleb
 12210 | Lair:1   | Reached XP level 13. HP: 73/104 MP: 13/13
 13389 | Lair:2   | Noticed Nergalle
 13406 | Lair:2   | Killed Nergalle
 14377 | Lair:3   | Found a staircase to the Swamp.
 15071 | Lair:3   | Reached ****** piety under Makhleb
 15254 | Lair:4   | Noticed a seven-headed hydra
 15266 | Lair:3   | Killed a seven-headed hydra
 15374 | Lair:4   | Reached XP level 14. HP: 118/118 MP: 14/14
 15609 | Lair:4   | Found a staircase to the Snake Pit.
 16018 | Lair:4   | Noticed a balrug
 16593 | Lair:4   | Reached skill level 10 in Shields
 17108 | Lair:5   | Found a viscous altar of Jiyva.
 17108 | Lair:5   | Found a staircase to the Slime Pits.
 17279 | Lair:6   | Entered Level 6 of the Lair of Beasts
 17527 | Lair:6   | Reached XP level 15. HP: 127/127 MP: 15/15
 18399 | Lair:6   | HP: 5/127 [poison (poison gas)]
 18400 | Lair:6   | Succumbed to poison (poison gas)

Illustrated notes

Levels and vault maps discovered:
D:1:      zaba_arrival_water, layout_basic, chequers_big_river
D:2:      layout_rooms, zin_treasury, elyvilon_altar_1
D:3:      gammafunk_wand_slinger, layout_loops_ring,
          ebering_dispersal_statue_hall
D:4:      layout_basic, lemuel_doored_altar, minmay_temple_entry_ruins
D:5:      layout_loops_ring, tgw_trog, gammafunk_temple_overflow_wave,
          cheibrodos_sewer_entry_sluice, basic_altar,
          nicolae_tso_swordbearing_angel, uniq_grinder, uniq_blork_the_orc
D:6:      layout_loops_cross, nicolae_overflow_hidden_temple,
          gammafunk_ghost_mausoleum, minmay_misc_feat_square, trog_hazing_becter
D:7:      minmay_recursive_quarters, layout_loops_cross, serial_shops,
          kennysheep_little_box, minmay_strange_pillars, uniq_harold
D:8:      layout_loops_ring, due_lair_maze_entry_diamond
D:9:      minmay_statue_hallways, layout_irregular_city, david_orc_2
D:10:     layout_loops_ring
D:11:     minmay_the_grid_octo_triangle [minmay_the_grid_octo_shrine,
          minmay_the_grid_octo_prize_ultimate_mussel_roller,
          minmay_the_grid_octo_fat_diamond], layout_stronghold
Temple:   eino_temple_rhombus
Lair:1:   lemuel_ratsnest, layout_misc_corridors, basic_altar,
          infiniplex_staircase_pool_2, grunt_megastairs_5,
          minmay_lair_oklob_chamber
Lair:2:   layout_cave_shapes, minivault_27, grunt_megastairs_4, uniq_nergalle
Lair:3:   layout_cave_pods, minmay_swamp_entry_worms
Lair:4:   layout_roguey, guppyfry_snake_entry_island
Lair:5:   layout_hall_layers, dpeg_slime_entry_enclosed_altar,
          chequers_serial_rivers_micro_a, minivault_11, beast_lair_carwin_9
Lair:6:   hangedman_lair_tendril_chambers, layout_concentric_octagons,
          guppyfry_lair_end_dragon

Skill      XL: |  1  2  3  4  5  6  7  8  9 10 11 12 13 14 15 |
---------------+----------------------------------------------+-----
Shields        | 4 5 7 8 9 12 14 | 14.2
Staves         | 3 4 5 7 8 11 13 14 | 14.6
Fighting       | 7 10 13 14 | 14.7
Armour         | 7 10 13 14 | 14.7

Action                   |  1- 3 |  4- 6 |  7- 9 | 10-12 | 13-15 || total
-------------------------+-------+-------+-------+-------+-------++-------
Melee: Quarterstaff      |   103 |   121 |   421 |   782 |  1485 ||  2912
Invok: Greater Servant o |       |       |       |       |     1 ||     1
 Abil: Dig               |       |       |       |       |    10 ||    10
Evoke: Wand              |       |       |       |     3 |       ||     3
  Use: Scroll            |     8 |     5 |     7 |    10 |     8 ||    38
       Potion            |       |       |     1 |       |       ||     1
Armor: Scale mail        |    20 |       |       |       |       ||    20
       Plate armour      |    35 |    43 |   178 |   190 |   325 ||   771
Dodge: Dodged            |    26 |    21 |    70 |    87 |    62 ||   266
Block: Kite shield       |    56 |    56 |   240 |   462 |  1398 ||  2212
       Reflection        |       |       |    16 |    18 |    11 ||    45

Table legend: (Time is in decaauts)
 A = Elapsed time spent in this place.
 B = Non-inter-level travel time spent in this place.
 C = Inter-level travel time spent in this place.
 D = Time resting spent in this place.
 E = Time spent auto-exploring this place.
 F = Levels seen in this place.
 G = Mean time per level.
                   A        B        C        D        E       F      G
               +--------+--------+--------+--------+--------+-----+--------+
         Total |  17748 |  16633 |   1115 |   3042 |   9470 |  19 |  934.1 |
       Dungeon |  10999 |  10024 |    975 |   2126 |   5649 |  11 |  999.9 |
        Temple |     13 |     13 |      0 |      0 |      0 |   1 |   13.0 |
          Lair |   5780 |   5640 |    140 |    760 |   3206 |   6 |  963.3 |
         Sewer |    954 |    954 |      0 |    156 |    614 |   1 |  954.0 |
               +--------+--------+--------+--------+--------+-----+--------+

Top non-repeatable levels by time:
     D:5: 1682 daAuts
  Lair:1: 1365 daAuts
     D:6: 1315 daAuts
  Lair:4: 1177 daAuts
    D:11: 1158 daAuts
     D:4: 986 daAuts
     D:3: 955 daAuts
   Sewer: 954 daAuts
     D:8: 912 daAuts
     D:1: 907 daAuts
  Lair:6: 898 daAuts
  Lair:3: 877 daAuts
     D:9: 862 daAuts
    D:10: 853 daAuts
     D:7: 835 daAuts
